AoeStats
← Mycorrhizal

Lombardia

509146410Analyzed
4v4 RM · 7d ago on Sep 25, 2026· 17m 3s· 8 players
Game mode
Random Map
Map size
Large (8 player)
Population
200
Speed
Normal
Resources
Standard
Victory
Conquest
Starting age
Dark Age
Ending age
Imperial Age
RankedLock teamsTeams togetherTeam positionsShared explorationLock speedFull tech treeHidden civsTurbo modeCheats
Victory
Defeat
🇨🇳 Mongols · China
1623
+12
🇹🇼 Khmer · Taiwan
1556
+14
🇦🇷 Italians · Argentina
1544
+15
🇨🇦 Hindustanis · Canada
1395
+20
🇹🇷 Franks · Türkiye
1529
-16
🇨🇳 Mongols · China
1515
-15
🇨🇳 Teutons · China
1515
-15
🇩🇪 Huns · Germany
1502
-15
Fanume
8:50 Feudal Age
7:10 Loom
9:41 Double-Bit Axe
11:28 Horse Collar
12:53 Scale Barding Armor
16:09 Wheelbarrow
15:28 Gold Mining
15:52 Forging
Tilikoglu
5:56 Loom
9:39 Feudal Age
10:12 Double-Bit Axe
超级硬邦邦
10:37 Feudal Age
11:12 Loom
15:03 Castle Age
13:19 Double-Bit Axe
15:59 Stone Mining
17:11 Bow Saw
儒门_重农抑商
6:34 Loom
9:32 Feudal Age
11:23 Double-Bit Axe
14:58 Wheelbarrow
Mycorrhizal
9:17 Feudal Age
10:31 Double-Bit Axe
12:56 Horse Collar
18:57 Castle Age
Emily001
9:56 Feudal Age
9:34 Loom
10:41 Horse Collar
11:06 Double-Bit Axe
19:21 Castle Age
Bz_青红
9:58 Feudal Age
11:18 Double-Bit Axe
13:41 Castle Age
11:51 Horse Collar
17:28 Loom
amtiky
6:05 Loom
6:19 Loom
8:51 Feudal Age
10:21 Double-Bit Axe
12:09 Horse Collar
Connection lost

Rejoining the realm…

Still unreachable

The connection could not be restored.

Session expired

The server has moved on; the page needs a fresh start.